 Dungeon Crawl Stone Soup version 0.28.0 (webtiles) character file.

Game seed: 8133575345786548048

46 Hasart the Shield-Bearer (level 3, 0/30 HPs)
             Began as a Demigod Fighter on Feb 12, 2022.
             Slain by a gnoll shaman (5 damage)
             ... on level 2 of the Dungeon.
             The game lasted 00:01:06 (913 turns).

Hasart the Shield-Bearer (Demigod Fighter)           Turns: 913, Time: 00:01:07

Health: 0/30       AC:  6    Str: 17    XL:     3   Next: 27%
Magic:  5/5        EV:  9    Int: 10    God:
Gold:   21         SH:  5    Dex: 17    Spells: 2/2 levels left

rFire   . . .      SeeInvis .   a - +0 long sword
rCold   . . .      Faith    .   c - +0 buckler
rNeg    . . .      Spirit   .   b - +0 scale mail
rPois   .          Reflect  .   (no helmet)
rElec   .          Harm     .   (no cloak)
rCorr   .          Rampage  .   (no gloves)
Will    .....                   (no boots)
Stlth   ..........              (no amulet)
HPRegen 0.10/turn               (no ring)
MPRegen 0.09/turn               (no ring)

@: no status effects
A: high MP 1, forlorn, divine attributes
a: no special abilities


You were on level 2 of the Dungeon.
You visited 1 branch of the dungeon, and saw 2 of its levels.

You collected 21 gold pieces.

Inventory:

Hand Weapons
 a - a +0 long sword (weapon)
Missiles
 h - 5 datura-tipped darts (quivered)
Armour
 b - a +0 scale mail (worn)
 c - a +0 buckler (worn)
Scrolls
 e - a scroll of magic mapping {unknown}
 f - a scroll of identify {unknown}
Potions
 d - a potion of might
 g - a potion of curing {unknown}


   Skills:
 + Level 2.9 Fighting
 * Level 2.5 Long Blades
 + Level 0.2 Throwing
 + Level 2.9 Armour
 + Level 0.9 Dodging
 + Level 3.0 Shields


You had 2 spell levels left.
You didn't know any spells.
Your spell library was empty.

Dungeon Overview and Level Annotations

Branches:
Dungeon (2/15)

Shops:
D:1 :


Innate Abilities, Weirdness & Mutations

You have an increased reservoir of magic. (+10% MP)
You shall have no god before yourself.
Your divine heritage dramatically boosts your attributes as you level up.


Message History

The gnoll is severely wounded.
The gnoll hits you with a +0 whip.
You hit the gnoll.
The gnoll is severely wounded.
The gnoll hits you with a +0 whip.
You slash the gnoll!
You kill the gnoll!
Your Shields skill increases to level 3!
No target in view!
No target in view!
A gnoll comes into view. It is wielding a +0 club.
Found a scroll labelled CESUXECLEO.
The gnoll shouts!
You hear a shout! x2
Things that are here:
a +0 whip; a gnoll corpse A gnoll is nearby!
A gnoll is nearby!
A gnoll shaman and 2 gnolls come into view.
The gnoll shaman shouts!
The gnoll shouts! x2
You barely miss the gnoll. The gnoll hits you with a +0 club.
You closely miss the gnoll shaman.
The gnoll shaman calls upon its god to speed up the gnoll.
The gnoll seems to speed up.
The gnoll hits you but does no damage. You block the gnoll's attack.
The gnoll shaman hits you with a +0 whip.
Things that are here:
a +0 whip; a gnoll corpse You closely miss the gnoll.
The gnoll hits you with a +0 club.
You slash the gnoll shaman!
The gnoll shaman is moderately wounded.
The gnoll hits you from afar with a +0 spear. x2
You closely miss the gnoll shaman.
The gnoll shaman is moderately wounded.
The gnoll barely misses you.
The gnoll shaman hits you with a +0 whip!
* * * LOW HITPOINT WARNING * * *
The gnoll hits you from afar with a +0 spear.
* * * LOW HITPOINT WARNING * * *
The gnoll shaman hits you with a +0 whip.
You die...

#....# ##.###
#....## #.#
#.....##########.#
#.....#..........#
#.....#.##########
#.......####
#...#......#
#...#.>..#.#
########@# # #g#
#.....ggg#
#.....[..#
#.........
#........##
#..?.....#
#........#
#........#


You could see a gnoll shaman and 3 gnolls.

Vanquished Creatures
  A gnoll (D:2)
  An adder (D:2)
  6 endoplasms
  4 goblins
  4 hobgoblins (D:1)
  2 quokkas (D:1)
  2 ball pythons (D:1)
  A frilled lizard (D:1)
  3 kobolds (D:1)
  A rat (D:1)
25 creatures vanquished.

Notes
Turn   | Place    | Note
-------+----------+-------------------------------------------
     0 | D:1      | Hasart the Demigod Fighter began the quest for the Orb.
     0 | D:1      | Reached XP level 1. HP: 18/18 MP: 3/3
    15 | D:1      | Found Umousep's Book Emporium.
   204 | D:1      | Reached XP level 2. HP: 25/25 MP: 4/4
   690 | D:2      | Reached XP level 3. HP: 20/30 MP: 5/5
   836 | D:2      | Reached skill level 3 in Shields
   913 | D:2      | Slain by a gnoll shaman

Illustrated notes

Levels and vault maps discovered:
D:1:      amcnicky_arrival_gap_in_the_tavern_cellar, layout_rooms,
          hellmonk_ecumenical_altar_blasted, serial_shops, shop
D:2:      layout_basic

Skill      XL: |  1  2  3 |
---------------+----------+-----
Long Blades    | 2 |  2.5
Shields        | 3 |  3.0
Fighting       | |  2.9
Throwing       | |  0.2
Armour         | |  2.9
Dodging        | |  0.9

Action                   || total
-------------------------++-------
Melee: Long sword        ||    71
Armor: Scale mail        ||    26
Dodge: Dodged            ||    30
Block: Buckler           ||    15
